[Event "Marienbad A2-GM 2024"]
[Site "Marianske Lazne"]
[Date "2024.01.20"]
[Round "9.10"]
[White "Plat, Vojtech"]
[Black "Agdelen, Huseyin Can"]
[Result "1-0"]
[ECO "A33"]
[WhiteElo "2516"]
[BlackElo "2409"]
[Annotator "ChessBase"]
[PlyCount "73"]
[EventDate "2024.01.10"]
[EventType "tourn"]
[EventCountry "CZE"]
[SourceTitle "playchess.com"]
[Source "ChessBase"]
[SourceQuality "1"]
[TimeControl "40/5400+30:1800+30"]

1. d4 Nf6 2. c4 c5 3. Nf3 cxd4 4. Nxd4 Nc6 5. Nc3 e6 6. g3 Qb6 7. e3 Bb4 8. Bg2 Ne5 9. O-O Nxc4 10. Na4 Qa6 11. Qb3 Nb6 12. Qxb4 Qxa4 13. Qd6 Nc4 14. Qf4 Qa6 15. b3 e5 16. Qh4 exd4 17. bxc4 Qxc4 18. Ba3 Qa6 19. Bc5 dxe3 20. Qg5 e2 21. Rfe1 d5 22. Bf3 h6 23. Qxg7 Rg8 24. Qxh6 Ne4 25. Qe3 Be6 26. Bd4 Nd6 27. Bxe2 Nc4 28. Bxc4 dxc4 29. Bf6 Rg6 30. Qd4 Qb6 31. Qh4 Qc5 32. Rad1 c3 33. Bd4 Qe7 34. Qh8+ Qf8 35. Qe5 Qe7 36. Bc5 Qf6 37. Qd6 1-0